 Dungeon Crawl Stone Soup version 0.30.0-19-g36f170ea60 (webtiles) character file.

Game seed: 14968298249071368415

52 EC1 the Magician (level 3, -2/28 HPs)
             Began as a Gnoll Wanderer on May 30, 2023.
             Killed by divine providence
             ... invoked by an orc priest
              (7 damage)
             ... on level 2 of the Dungeon on May 31, 2023.
             The game lasted 00:09:23 (1196 turns).

EC1 the Magician (Gnoll Wanderer)                   Turns: 1196, Time: 00:09:23

Health: -2/28      AC: 10    Str:  9    XL:     3   Next: 85%
Magic:  9/11       EV: 11    Int: 18    God:
Gold:   52         SH:  0    Dex:  8    Spells: 15/16 levels left

rFire   . . .        g - +0 mace
rCold   . . .        (no shield)
rNeg    . . .        c - +0 robe
rPois   .            (no helmet)
rElec   .            (no cloak)
rCorr   .            (no gloves)
SInv    .            (no boots)
Will    .....        (no amulet)
Stlth   +            f - +4 ring of protection
HPRegen 0.24/turn    i - +4 ring of protection
MPRegen 0.12/turn

%: no passive effects
@: no status effects
A: fangs 1, strong nose, distributed training
a: no special abilities


You were on level 2 of the Dungeon.
You visited 1 branch of the dungeon, and saw 2 of its levels.

You collected 52 gold pieces.

Inventory:

Hand Weapons
 a - a +0 club
 e - a +0 sling
 g - a +0 mace (weapon)
Armour
 c - a +0 robe (worn)
Jewellery
 f - a +4 ring of protection (left hand)
 i - a +4 ring of protection (right hand)
Scrolls
 b - 2 scrolls of blinking
 h - a scroll of teleportation
 j - a scroll of identify
 k - a scroll of fear
Potions
 d - 2 potions of lignification
 l - a potion of berserk rage
 m - a potion of curing


   Skills:
 + Level 2.7 Fighting
 + Level 1.0 Short Blades
 + Level 1.0 Long Blades
 + Level 1.0 Axes
 + Level 1.0 Maces & Flails
 + Level 1.0 Polearms
 + Level 1.0 Staves
 + Level 1.0 Ranged Weapons
 + Level 2.7 Throwing
 + Level 4.6 Armour
 + Level 1.0 Dodging
 + Level 1.0 Stealth
 + Level 1.0 Shields
 + Level 1.0 Unarmed Combat
 + Level 7.2 Spellcasting
 + Level 0.7 Conjurations
 + Level 0.7 Hexes
 + Level 3.8 Summonings
 + Level 0.7 Necromancy
 + Level 0.7 Translocations
 + Level 0.7 Transmutations
 + Level 0.7 Fire Magic
 + Level 0.7 Ice Magic
 + Level 0.7 Air Magic
 + Level 2.2 Earth Magic
 + Level 0.7 Poison Magic
 + Level 1.1 Invocations
 + Level 1.0 Evocations


You had 15 spell levels left.
You knew the following spells:

 Your Spells              Type           Power      Damage    Failure   Level
a - Summon Small Mammal   Summ           80%        N/A       2%          1

Your spell library contained the following spells:

 Spells                   Type           Power      Damage    Failure   Level
 Sandblast                Erth           28%        2d8       4%          1
 Call Canine Familiar     Summ           20%        N/A       7%          3
 Stone Arrow              Conj/Erth      22%        3d8       17%         3
 Summon Lightning Spire   Summ/Air       14%        N/A       38%         4


Dungeon Overview and Level Annotations

Branches:
Dungeon (2/15)

Altars:


Innate Abilities, Weirdness & Mutations

You have very sharp teeth.
Your uncanny sense of smell can sniff out nearby items.
Your experience applies equally to all skills.


Message History

You hit the orc wizard.
You bite the orc wizard, but do no damage.
The orc wizard is moderately wounded.
Your bat barely misses the adder. x2; The adder completely misses your bat.
Your bat misses the adder.
Your quokka bites the adder.
The orc wizard barely misses you. The adder barely misses your quokka.
Your bat misses the adder.
Your bat hits the adder but does no damage.
Your quokka misses the adder. The adder bites your quokka.
The orc priest looks braver for a moment.
Your quokka barely misses the adder.
You barely miss the orc. Your bite misses the orc. Your bat hits the adder.
The adder bites your quokka.
Your quokka dies!
Your quokka's corpse disappears in a puff of smoke!
Your bat misses the adder.
The orc wizard casts a spell.
The orc wizard flickers and vanishes!
Deactivating autopickup; reactivate with Ctrl-A.
The orc priest invokes the aid of Beogh against you.
Beogh smites you! The orc closely misses you. The adder bites your bat.
Your bat dies!
Your bat's corpse disappears in a puff of smoke!
You barely miss the orc.
The orc priest begins to cast a cantrip, but forgets the words!
Casting: Summon Small Mammal (safe; 2% risk of failure)
Confirm with . or Enter, or press ? or * to list all spells.
You hear some strange, mumbled words.
A magic dart appears from out of thin air!
The magic dart hits you.
The orc priest closely misses your quokka.
Casting: Summon Small Mammal (safe; 2% risk of failure)
Confirm with . or Enter, or press ? or * to list all spells.
You hear some strange, mumbled words.
A puff of flame appears from out of thin air!
The puff of flame hits you.
* * * LOW HITPOINT WARNING * * *
The orc priest mumbles some strange prayers to Beogh against you.
Beogh smites you!
You die...

#.............#.......
#.....................
#..........####.......
###..........#..........
...............##.......
...........#.####.......
......r.####.# #.......
##..###.# #.# ####.####
# #@# #.###....# ##
##.####{####.##.....##..
......Sor...............
......#o####.##.##.....#
....$.#.. ......##..####
.....∆#.......##....#
##.## #.....#....##.####
#. #.....#..#........ $
..................


You could see an orc priest, an adder, an orc (ally target), a friendly quokka
(summoned) and a friendly rat (summoned).

Vanquished Creatures
  An adder (D:2)
  2 endoplasms (D:1)
  3 giant cockroaches
  3 goblins (D:1)
  A hobgoblin (D:1)
  2 kobolds (D:1)
  2 bats
  3 frilled lizards (D:1)
  A rat (D:1)
18 creatures vanquished.

Vanquished Creatures (collateral kills)
  A worm (D:2)
  2 bats (D:2)
  An endoplasm (D:2)
  3 hobgoblins
  A kobold (D:2)
  A quokka (D:2)
  A frilled lizard (D:1)
  5 goblins
  3 rats (D:2)
18 creatures vanquished.

Grand Total: 36 creatures vanquished

Notes
Turn   | Place    | Note
-------+----------+-------------------------------------------
     0 | D:1      | EC1 the Gnoll Wanderer began the quest for the Orb.
     0 | D:1      | EC1 set off with the following items: a +0 club, a scroll
                  | of blinking, a +0 robe, a potion of lignification; and the
                  | following spells available to memorise: Summon Small
                  | Mammal, Sandblast, Call Canine Familiar, Stone Arrow,
                  | Summon Lightning Spire.
     0 | D:1      | Reached XP level 1. HP: 17/17 MP: 8/8
     7 | D:1      | Learned a level 1 spell: Summon Small Mammal
   110 | D:1      | Reached XP level 2. HP: 23/23 MP: 10/10
   938 | D:2      | Reached XP level 3. HP: 28/28 MP: 9/11
  1058 | D:2      | Reached skill level 1 in Invocations
  1067 | D:2      | Reached skill level 1 in Short Blades
  1067 | D:2      | Reached skill level 1 in Long Blades
  1067 | D:2      | Reached skill level 1 in Axes
  1067 | D:2      | Reached skill level 1 in Maces & Flails
  1067 | D:2      | Reached skill level 1 in Polearms
  1067 | D:2      | Reached skill level 1 in Staves
  1067 | D:2      | Reached skill level 1 in Ranged Weapons
  1067 | D:2      | Reached skill level 1 in Dodging
  1067 | D:2      | Reached skill level 1 in Stealth
  1067 | D:2      | Reached skill level 1 in Shields
  1067 | D:2      | Reached skill level 1 in Unarmed Combat
  1067 | D:2      | Reached skill level 1 in Evocations
  1196 | D:2      | Killed from afar by an orc priest

Illustrated notes

Levels and vault maps discovered:
D:1:      amcnicky_arrival_choice, layout_loops_ring
D:2:      layout_rooms

Skill      XL: |  1  2  3 |
---------------+----------+-----
Earth Magic    | 2 |  2.2
Invocations    | 1 |  1.1
Short Blades   | 1 |  1.0
Long Blades    | 1 |  1.0
Axes           | 1 |  1.0
Maces & Flails | 1 |  1.0
Polearms       | 1 |  1.0
Staves         | 1 |  1.0
Ranged Weapons | 1 |  1.0
Dodging        | 1 |  1.0
Stealth        | 1 |  1.0
Shields        | 1 |  1.0
Unarmed Combat | 1 |  1.0
Evocations     | 1 |  1.0
Fighting       | |  2.7
Throwing       | |  2.7
Armour         | |  4.6
Spellcasting   | |  7.2
Conjurations   | |  0.7
Hexes          | |  0.7
Summonings     | |  3.8
Necromancy     | |  0.7
Translocations | |  0.7
Transmutations | |  0.7
Fire Magic     | |  0.7
Ice Magic      | |  0.7
Air Magic      | |  0.7
Poison Magic   | |  0.7

Action                     || total
---------------------------++-------
  Melee: Club              ||    60
         Bite              ||     8
         Punch             ||     2
         Mace              ||    57
   Cast: Summon Small Mamm ||    28
    Use: Scroll            ||     3
         Potion            ||     3
   Stab: Sleeping          ||     1
 Armour: Robe              ||   108
  Dodge: Dodged            ||   135
